 Dungeon Crawl Stone Soup version 0.30-a0-949-g53dc5368d7 (webtiles) character file.

Game seed: 6146114406622451759

594 retardedninja the Cudgeller (level 7, -5/44 HPs)
             Began as a Gargoyle Fighter on Mar 27, 2023.
             Slain by Pikel
             ... wielding a +0 whip of flaming
              (6 damage)
             ... on level 5 of the Dungeon.
             The game lasted 00:04:36 (3851 turns).

retardedninja the Cudgeller (Gargoyle Fighter)      Turns: 3851, Time: 00:04:36

Health: -5/44      AC: 15    Str: 21    XL:     7   Next: 39%
Magic:  7/7        EV:  7    Int:  9    God:
Gold:   202        SH:  4    Dex:  9    Spells: 6/6 levels left

rFire   . . .      SeeInvis .    a - +0 flail
rCold   . . .      Faith    .    c - +0 buckler
rNeg    + . .      Spirit   .    g - +0 chain mail
rPois   ∞          Reflect  .    (no helmet)
rElec   +          Rampage  .    (no cloak)
rCorr   .                        l - +0 pair of gloves
Will    .....                    (no boots) Stlth
                                 (no amulet)
HPRegen 0.27/turn                (no ring)
MPRegen 0.10/turn                (no ring)

@: mighty
A: sickness immunity, AC +4, negative energy resistance 1, electricity
resistance, torment resistance 1, petrification resistance
a: no special abilities


You were on level 5 of the Dungeon.
You visited 1 branch of the dungeon, and saw 5 of its levels.

You collected 202 gold pieces.

Inventory:

Hand Weapons
 a - a +0 flail (weapon)
Armour
 c - a +0 buckler (worn)
 g - a +0 chain mail (worn)
 l - a +0 pair of gloves (worn)
Jewellery
 n - a ring of protection from cold
Wands
 p - a wand of iceblast (4)
Scrolls
 b - 4 scrolls of teleportation {unknown}
 f - a scroll of fear {unknown}
 i - 8 scrolls of identify {unknown}
 k - 2 scrolls of poison {unknown}
 q - a scroll of noise {unknown}
 s - a scroll of magic mapping {unknown}
 t - a scroll of blinking {unknown}
 u - a scroll of immolation {unknown}
Potions
 d - a potion of ambrosia {unknown}
 e - 2 potions of degeneration {unknown}
 j - a potion of curing
 m - 3 potions of mutation {unknown}
 o - a potion of resistance {unknown}
 r - a potion of flight {unknown}


   Skills:
 + Level 4.9 Fighting
 * Level 5.2 Maces & Flails
 + Level 5.0 Armour
 + Level 5.0 Shields


You had 6 spell levels left.
You didn't know any spells.
Your spell library contained the following spells:

 Spells                   Type           Power      Damage    Failure   Level
 Tukima's Dance           Hex            0%         N/A       100%        3
 Passage of Golubria      Tloc           0%         N/A       100%        4
 Silence                  Hex/Air        0%         N/A       100%        5
 Yara's Violent Unravell  Hex/Tmut       0%         3d3       100%        5
 Chain Lightning          Conj/Air       0%         N/A       100%        9
 Cigotuvi's Dreadful Rot  Necr/Pois/Air  Unusable   N/A       N/A         2

Dungeon Overview and Level Annotations

Branches:
Dungeon (5/15)
 Temple: D:4-7

Altars:
Ru

Annotations:
D:5 Pikel


Innate Abilities, Weirdness & Mutations

You are immune to sickness and miasma.
Your stone body is resilient. (AC +4)
You are immune to poison.
You resist negative energy. (rN+)
You are resistant to electric shocks. (rElec)
You are resistant to unholy torment.
You are immune to petrification.


Message History

* * * LOW HITPOINT WARNING * * *
Pikel burns you.
* * * LOW HITPOINT WARNING * * *
The lemure hits you but does no damage. x2; The lemure barely misses you.
The lemure hits you but does no damage.
You feel better.
Pikel hits you with a +0 whip of flaming.
Pikel burns you.
* * * LOW HITPOINT WARNING * * *
The lemure hits you but does no damage. x2; The lemure hits you!
* * * LOW HITPOINT WARNING * * *
The lemure hits you but does no damage.
You feel better. You block Pikel's attack. Pikel barely misses you.
The lemure hits you but does no damage. The lemure closely misses you.
The lemure hits you but does no damage. x2
You closely miss Pikel.
Pikel hits you with a +0 whip of flaming.
* * * LOW HITPOINT WARNING * * *
Pikel burns you.
* * * LOW HITPOINT WARNING * * *
The lemure hits you but does no damage. x4
Pikel hits you with a +0 whip of flaming.
* * * LOW HITPOINT WARNING * * *
Pikel burns you.
* * * LOW HITPOINT WARNING * * *
You closely miss Pikel. Pikel hits you but does no damage. The lemure hits you.
* * * LOW HITPOINT WARNING * * *
The lemure hits you.
* * * LOW HITPOINT WARNING * * *
The lemure hits you but does no damage. x2
You barely miss Pikel. Pikel hits you but does no damage. x2
The lemure hits you but does no damage. x4
You closely miss Pikel. You block Pikel's attack.
You block the lemure's attack. The lemure hits you.
* * * LOW HITPOINT WARNING * * *
The lemure hits you but does no damage. You block the lemure's attack.
You block Pikel's attack.
The lemure hits you but does no damage. x4
You barely miss Pikel. Pikel hits you but does no damage.
Pikel hits you with a +0 whip of flaming.
You die...

###.############## .#
#####.########.....##.##
).......................
#####.................$.
#########.........#
#.........# #...$.....##
#..55....... #..5@######
#..K5# ### ###..# ..#
...# ..# ..#.# ..#
#.##.# ..# .. #.. ..#
#.# ##. ..#


You could see Pikel (fast) and 4 lemures.

Vanquished Creatures
  2 ogres
  A phantom (D:4)
  A hound (D:4)
  A gnoll bouda (D:5)
  Jessica (D:2)
  An iguana (D:4)
  An orc wizard (D:4)
  5 gnolls (D:5)
  4 adders
  An ufetubus (D:4)
  3 worms
  2 dart slugs
  13 orcs
  8 endoplasms
  4 giant cockroaches
  11 hobgoblins
  8 jackals
  4 kobolds
  12 quokkas
  4 ball pythons
  6 bats
  3 frilled lizards
  4 goblins
  5 rats
105 creatures vanquished.

Notes
Turn   | Place    | Note
-------+----------+-------------------------------------------
     0 | D:1      | retardedninja the Gargoyle Fighter began the quest for the
                  | Orb.
     0 | D:1      | Reached XP level 1. HP: 14/14 MP: 1/1
   132 | D:1      | Reached XP level 2. HP: 19/19 MP: 2/2
   465 | D:1      | Reached XP level 3. HP: 23/23 MP: 3/3
   912 | D:2      | Noticed Jessica
   922 | D:2      | Killed Jessica
   923 | D:2      | Reached XP level 4. HP: 29/29 MP: 4/4
  1636 | D:3      | Reached XP level 5. HP: 24/33 MP: 5/5
  2340 | D:3      | Noticed a golden eye
  2342 | D:3      | Found a faded altar of an unknown god.
  2349 | D:3      | Noticed an eye of devastation
  2355 | D:3      | Noticed an eye of devastation
  2358 | D:3      | Noticed a floating eye
  2517 | D:4      | Noticed an ogre
  2550 | D:4      | Killed an ogre
  2551 | D:4      | Reached XP level 6. HP: 16/39 MP: 6/6
  3275 | D:4      | Found a sacrificial altar of Ru.
  3581 | D:5      | Entered Level 5 of the Dungeon
  3610 | D:5      | Reached XP level 7. HP: 44/44 MP: 7/7
  3686 | D:5      | Reached skill level 5 in Maces & Flails
  3686 | D:5      | Reached skill level 5 in Armour
  3686 | D:5      | Reached skill level 5 in Shields
  3819 | D:5      | Got Widoh's Lectures on Gaseous Degeneration
  3838 | D:5      | Noticed Pikel
  3848 | D:5      | HP: 1/44 [lemure[Pikel] (4)]
  3851 | D:5      | Slain by Pikel

Illustrated notes

Levels and vault maps discovered:
D:1:      evilmike_arrival_fibonacci_small, layout_loops_ring
D:2:      layout_loops_ring, corexii_item_surrounded_by_moat, uniq_jessica
D:3:      layout_basic, hellmonk_ecumenical_altar_watching_god
D:4:      layout_layer_cave, mainiacjoe_overflow_tiny_flanked
D:5:      layout_basic, enter_ossuary_4, uniq_edmund, uniq_duvessa, uniq_pikel

Skill      XL: |  1  2  3  4  5  6  7 |
---------------+----------------------+-----
Maces & Flails | 3 4 5 |  5.2
Armour         | 4 5 |  5.0
Shields        | 4 5 |  5.0
Fighting       | 4 |  4.9

Action                     |  1- 3 |  4- 6 |  7- 9 || total
---------------------------+-------+-------+-------++-------
  Melee: Flail             |   103 |   272 |    36 ||   411
    Use: Potion            |       |     3 |     7 ||    10
 Armour: Scale mail        |    11 |       |       ||    11
         Chain mail        |    53 |   276 |    47 ||   376
  Dodge: Dodged            |    44 |   135 |    21 ||   200
  Block: Buckler           |    24 |    84 |    10 ||   118

Table legend: (Time is in decaauts)
 A = Elapsed time spent in this place.
 B = Non-inter-level travel time spent in this place.
 C = Inter-level travel time spent in this place.
 D = Time resting spent in this place.
 E = Time spent auto-exploring this place.
 F = Levels seen in this place.
 G = Mean time per level.
                   A        B        C        D        E       F      G
               +--------+--------+--------+--------+--------+-----+--------+
         Total |   3957 |   3850 |    107 |    570 |   2441 |   5 |  791.4 |
       Dungeon |   3957 |   3850 |    107 |    570 |   2441 |   5 |  791.4 |
               +--------+--------+--------+--------+--------+-----+--------+

Top non-repeatable levels by time:
     D:4: 1164 daAuts
     D:3: 905 daAuts
     D:1: 833 daAuts
     D:2: 776 daAuts
     D:5: 277 daAuts
